 Dungeon Crawl Stone Soup version 0.26-a0-667-g92642533e4 (console) character file.

Game seed: 4880034859283336517

0 om the Caller (level 1, 0/13 HPs)
             Began as a Merfolk Summoner on Oct 17, 2020.
             Slain by a hobgoblin (3 damage)
             ... on level 1 of the Dungeon.
             The game lasted 00:00:32 (132 turns).

om the Caller (Merfolk Summoner)                     Turns: 132, Time: 00:00:33

Health: 0/13       AC:  3    Str:  8    XL:     1   Next: 10%
Magic:  0/3        EV:  9    Int: 14    God:
Gold:   15         SH:  0    Dex: 14    Spells: 3/4 levels left

rFire    . . .     SeeInvis .   b - +0 hand axe
rCold    . . .     Faith    .   (no shield)
rNeg     . . .     Spirit   .   f - +0 leather armour
rPois    .         Reflect  .   (no helmet)
rElec    .         Harm     .   (no cloak)
rCorr    .         Rampage  .   (no gloves)
MR       .....                  (no boots)
Stlth    ++........             d - amulet of inaccuracy (curse)
HPRegen  0.04/turn              (no ring)
MPRegen  0.08/turn              (no ring)

@: constricted
A: change form in water, swift swim, stealthy swim
a: no special abilities


You were on level 1 of the Dungeon.
You visited 1 branch of the dungeon, and saw 1 of its levels.

You collected 15 gold pieces.

Inventory:

Hand Weapons
 b - a +0 hand axe (weapon)
Armour
 a - a +0 robe
 f - a +0 leather armour (worn)
Jewellery
 d - a cursed amulet of inaccuracy (around neck)
Scrolls
 c - a scroll of identify {unknown}
Potions
 e - a potion of magic {unknown}


   Skills:
 + Level 2.7 Dodging
 + Level 2.2 Stealth
 + Level 2.0 Spellcasting
 * Level 4.0 Summonings


You had 3 spell levels left.
You knew the following spells:

 Your Spells              Type           Power        Failure   Level
a - Summon Small Mammal   Summ           ##..         7%          1

Your spell library contained the following spells:

 Spells                   Type           Power        Failure   Level
 Call Imp                 Summ           ##......     10%         2
 Call Canine Familiar     Summ           ##......     21%         3
 Summon Guardian Golem    Hex/Summ       #.......     41%         3
 Summon Ice Beast         Ice/Summ       #.......     83%         4
 Summon Lightning Spire   Summ/Air       #.......     83%         4


Dungeon Overview and Level Annotations

Branches:
Dungeon (1/15)

Altars:


Message History

Your bat hits the hobgoblin but does no damage. x2
The rat completely misses your bat.
The hobgoblin hits your bat with a +0 club.
Your rat bites the hobgoblin but does no damage.
Your bat completely misses the hobgoblin.
Your bat barely misses the hobgoblin.
Something bites your bat.
Your bat dies!
Your bat's corpse disappears in a puff of smoke!
The ball python bites you but does no damage.
The ball python grabs you. The ball python constricts you.
The ball python's grasp on you weakens, but your attempt to escape fails.
The ball python barely misses you. The ball python constricts you.
You escape the ball python's grasp.
The hobgoblin closely misses you.
Casting: Summon Small Mammal (safe; 7% risk of failure)
Confirm with . or Enter, or press ? or * to list all spells.
The ball python completely misses you. The ball python grabs you.
* * * LOW HITPOINT WARNING * * *
The ball python constricts you. The hobgoblin hits you.
You die...

..............# #.........
..............# ####.......[.
..............# #.......(....
....#.........## #.?..(.......
#..###.........# #...rr.......
#.## #.........######.g#...#..
#.# #.#....(.>r## ##ยงยง.###
#.####...........#####r..###.
....###.........@#...........#
..#.............Sg.rr>...#####
.###.#####....#...........# ##
# ........#.#...........#
#....................#.#
...###...#.#..........#..# ##
#.#.............## .. #
#.#.#######...... # ##...#..
.....


You could see a hobgoblin, a ball python, a rat and 2 friendly rats.

Vanquished Creatures (collateral kills)
  A kobold (D:1)
1 creature vanquished.

Notes
Turn   | Place    | Note
-------+----------+-------------------------------------------
     0 | D:1      | om the Merfolk Summoner began the quest for the Orb.
     0 | D:1      | Reached XP level 1. HP: 13/13 MP: 3/3
   132 | D:1      | Slain by a hobgoblin

Illustrated notes

Levels and vault maps discovered:
D:1:      ebering_hopf_link, layout_rooms

Action                   || total
-------------------------++-------
Melee: Hand axe          ||     1
 Cast: Summon Small Mamm ||     6
Armor: Leather armour    ||     1
Dodge: Dodged            ||     7

Table legend: (Time is in decaauts)
 A = Elapsed time spent in this place.
 B = Non-inter-level travel time spent in this place.
 C = Inter-level travel time spent in this place.
 D = Time resting spent in this place.
 E = Time spent auto-exploring this place.
 F = Levels seen in this place.
 G = Mean time per level.
                   A        B        C        D        E       F      G
               +--------+--------+--------+--------+--------+-----+--------+
         Total |    131 |    131 |      0 |      0 |     75 |   1 |  131.0 |
       Dungeon |    131 |    131 |      0 |      0 |     75 |   1 |  131.0 |
               +--------+--------+--------+--------+--------+-----+--------+

Top non-repeatable levels by time:
     D:1: 131 daAuts
